cohdb
Replays
Latest Replays
All Replays
Popular Replays
Top Player Replays
Match Explorer
How It Works
Community
CoH3 Stats
Reddit
Sign in to upload your games and track your stats! →
Sign in with Steam
Match 47190160
Unlisted
Match 47190160
Overview
Messages
Build Orders
End
Pioneer Squad
Construct Infanterie Kompanie
MG 42 Machine Gun Team
MG 42 Machine Gun Team
Grenadier Squad
GrW 34 Mortar Team
Infanterie Officer Quarters
Medical Station
Grenadier Squad
Construct Luftwaffe Kompanie
221 Scout Car
MG 42 Machine Gun Team
Jäger Squad
Jäger Squad
darek3000
Nubbl0r
0
0
Comments
sign in to comment!
No comments posted yet!